 Dungeon Crawl Stone Soup version 0.21-a0-201-g8501b10 (webtiles) character file.

665771 CanOfBees the Conqueror (level 27, -3/199 HPs)
             Began as a Gargoyle Fighter on Aug 18, 2017.
             Was the Champion of Qazlal.
             Killed from afar by an orb of fire (44 damage)
             ... with a bolt of fire
             ... on level 5 of the Realm of Zot on Aug 19, 2017.
             The game lasted 03:36:06 (55274 turns).

CanOfBees the Conqueror (Gargoyle Fighter)         Turns: 55274, Time: 03:36:06

Health: -3/199     AC: 61    Str: 35    XL:     27
Magic:  12/49      EV: 15    Int: 24    God:    Qazlal [******]
Gold:   6423       SH: 29    Dex: 14    Spells: 34/34 levels left

rFire    + . .     SeeInvis .   p - +9 demon whip of Xezein {vamp, Int+4}
rCold    . . .     Gourm    +   K - +3 shield of Past Mistakes {rF+ Regen+ Dex+4}
rNeg     + + .     Faith    .   y - +0 pearl dragon scales
rPois    ∞         Spirit   .   k - +0 helmet "Fudghaon" {-Cast +Fly rCorr Int+4}
rElec    +         Reflect  .   a - +2 cloak
rCorr    +         Harm     .   F - +1 pair of gloves
MR       +++..     NoCast   +   M - +4 pair of boots of Past Mistakes {rCorr Int+5 Dex-5}
Stlth    ..........             b - amulet "Hareimpo" {Gourm MR+ MP+9 Dex+3 Slay+3}
HPRegen  1.23/turn              E - +5 ring of protection
MPRegen  0.31/turn              o - +5 ring of strength

@: protected from physical damage, flying, repel missiles
A: big wings, thin metallic scales 1, agile 1, blurry vision 1, negative energy
resistance 1, regeneration 1, screaming 1, electricity resistance, unbreathing,
petrification resistance, rot immunity, AC +20
}: 3/15 runes: decaying, serpentine, silver
a: Stop Flying, Upheaval, Elemental Force, Disaster Area, Renounce Religion


You were on level 5 of the Realm of Zot.
You worshipped Qazlal.
Qazlal was exalted by your worship.
You were not hungry.

You visited 10 branches of the dungeon, and saw 49 of its levels.
You visited the Abyss 1 time.
You also visited: Ossuary, Volcano and Wizlab.

You collected 8073 gold pieces.
You spent 1650 gold pieces at shops.

Inventory:

Hand Weapons
 p - the +9 demon whip of Xezein (weapon) {vamp, Int+4}
   (You acquired it on level 12 of the Dungeon)

   It inflicts no extra harm, but heals its wielder when it wounds a living foe.
   It affects your intelligence (+4).
 t - a +8 eveningstar of holy wrath
Missiles
 D - 7 steel tomahawks (quivered)
Armour
 a - a +2 cloak (worn)
 k - the +0 helmet "Fudghaon" (worn) {-Cast +Fly rCorr Int+4}
   (You found it on level 5 of the Dungeon)

   It affects your intelligence (+4).
   It lets you fly.
   It prevents spellcasting.
   It protects you from acid and corrosion.
 y - +0 pearl dragon scales (worn)
 F - a +1 pair of gloves (worn)
 K - the +3 shield of Past Mistakes (worn) {rF+ Regen+ Dex+4}
   (You took it off Donald on level 4 of the Swamp)

   It affects your dexterity (+4).
   It protects you from fire.
   It increases your rate of regeneration.
 M - the +4 pair of boots of Past Mistakes (worn) {rCorr Int+5 Dex-5}
   (You bought it in a shop on level 2 of the Orcish Mines)

   It affects your intelligence (+5).
   It affects your dexterity (-5).
   It protects you from acid and corrosion.
Jewellery
 b - the amulet "Hareimpo" (around neck) {Gourm MR+ MP+9 Dex+3 Slay+3}
   (You found it on level 7 of the Dungeon)

   [amulet of the gourmand]

   It allows you to eat raw meat even when not hungry.
   It affects your dexterity (+3).
   It affects your accuracy and damage with ranged weapons and melee attacks
   (+3).
   It affects your resistance to hostile enchantments.
   It affects your magic capacity (+9).
 o - a +5 ring of strength (right hand)
 E - a +5 ring of protection (left hand)
Wands
 h - a wand of confusion (26/48)
 G - a wand of random effects (32/48)
 H - a wand of enslavement (9/24)
 I - a wand of iceblast (2/15)
 L - a wand of polymorph (2/24)
 O - a wand of polymorph (6/24)
 P - a wand of digging (8/24)
 Q - a wand of confusion (15/48)
 T - a wand of flame (26/48)
 U - a wand of acid (5/15)
 W - a wand of clouds (6/9)
 Y - a wand of disintegration (11/24)
Scrolls
 c - a scroll of summoning
 d - 3 scrolls of fog
 e - 5 scrolls of fear
 g - 2 scrolls of blinking
 i - 21 scrolls of teleportation
 u - 4 scrolls of magic mapping
 x - 18 scrolls of remove curse
 z - 4 scrolls of vulnerability
 B - 8 scrolls of recharging
 N - 2 scrolls of holy word
 R - 15 scrolls of identify
 S - 4 scrolls of torment
Potions
 l - 3 potions of heal wounds
 m - 5 potions of cancellation
 q - 9 potions of curing
 r - 9 potions of brilliance
 s - 11 potions of haste
 C - 7 potions of agility
 J - 5 potions of might
 X - 2 potions of magic
 Z - 2 potions of invisibility
Miscellaneous
 v - 2 phantom mirrors
 A - a lamp of fire
Comestibles
 f - 27 bread rations
 j - 15 royal jellies
 n - 46 fruits
 w - 18 meat rations


   Skills:
 O Level 27 Fighting
 * Level 15.7 Maces & Flails
 - Level 15.5 Armour
 + Level 8.1 Dodging
 + Level 22.7 Shields
 - Level 4.2 Spellcasting
 O Level 27 Invocations
 - Level 10.6 Evocations


You had 34 spell levels left.
You didn't know any spells.

Dungeon Overview and Level Annotations

Branches:
Dungeon (15/15)            Temple (1/1) D:7            Lair (6/6) D:11
  Swamp (4/4) Lair:2        Snake (4/4) Lair:2        Slime (0/5) Lair:6
    Orc (2/2) D:10            Elf (0/3) Orc:2        Vaults (5/5) D:14
  Crypt (2/3) Vaults:2     Depths (5/5) D:15            Zot (5/5) Depths:5

Altars:
Ashenzari
Cheibriados
Dithmenos
Elyvilon
Fedhas
Gozag
Hepliaklqana
Kikubaaqudgha
Makhleb
Nemelex Xobeh
Okawaru
Qazlal
Ru
Sif Muna
Trog
Uskayaw
Vehumet
Wu Jian
Xom
Yredelemnul
Zin
The Shining One
Lugonu

Shops:
D:6 *   D:9 [   Orc:2 *:*[   Snake:2 =}=   Vaults:4 (   Vaults:5 [

Portals:
Hell: Depths:1 Depths:2 Depths:3 Depths:4 Depths:5
Abyss: Depths:2 Depths:3 Depths:4
Pandemonium: Depths:3 Depths:5
Ziggurat: Depths:1


Innate Abilities, Weirdness & Mutations

You are resistant to torment.
Your stone body is resilient. (AC +20)
You are immune to poison.
Your large and strong wings let you fly indefinitely.
You resist negative energy. (rN+)
You are resistant to electric shocks. (rElec)
You can survive without breathing.
You are immune to petrification.
You are immune to rotting.
You are partially covered in thin metallic scales. (AC +2)
You are agile. (Dex +2)
Scrolls take you a little longer to read.
Your natural rate of healing is unusually fast.
You occasionally shout uncontrollably at your foes.


Message History

The bolt of fire hits you! You resist.
* * * LOW HITPOINT WARNING * * *
You hear a sizzling sound!
You see here a golden dragon corpse.
You thrash the quicksilver dragon!!
You feel better.
The quicksilver dragon is almost dead.
The quicksilver dragon is engulfed in freezing vapours.
You kill the quicksilver dragon!
Qazlal accepts your kill.
Unknown command.
The purple draconian shifter blinks!
The purple draconian shifter blinks!
The orb of fire glows red.
Strange energies course through your body.
Your vision blurs.
You closely miss the orb of fire.
You hear a deafening roar!
The orb of fire glows red.
The bolt of fire hits you! You resist.
You die...

#...## ......# #.)# .....##
#....# ##..# ..#...## ##...#
##...##
.###...##########†..#
##.....## ##
##............§†##
##...#...# ##
##.....X....q.## ##...###...
.## #####..####.§# ##...##
##.. ..## #..# #*.# ##...##
##.. ...## #..# #@.###...##
##...
#...######..####.§##...##
##...#
##................§...##
##.....
##.....⌠............##
##.[.#..
####..#########..###
##...###. # #..# #..#
##...## ## ## #.<# #..#
##...## ##
.#####..#########.)####...##
##.
..../....................##
##..


You could see an orb of fire and a purple draconian shifter.

Vanquished Creatures
  Mara (Vaults:2)
  7 ancient liches
  2 juggernauts
  Sojobo (Depths:5)
  Saint Roka (Orc:2)
  the Lernaean hydra (Swamp:4)
  Vashnia (Snake:3)
  6 caustic shrikes
  A curse toe (Zot:4)
  2 Killer Klowns (Zot:3)
  17 golden dragons
  Nikola (Swamp:2)
  the Enchantress (Depths:3)
  A Hellbinder (WizLab)
  4 electric golems
  2 liches
  14 tentacled monstrosities
  An Orb Guardian (Zot:5)
  2 titans
  6 quicksilver dragons
  7 sphinxes
  9 death cobs
  4 tentacled starspawn
  4 ancient champions
  Agnes (Snake:3)
  2 thorn hunters (Swamp:2)
  16 shadow dragons
  17 storm dragons
  4 draconian monks
  Donald (Swamp:4)
  13 nagarajas
  A revenant (Crypt:1)
  5 fire giants
  10 tengu reavers
  12 frost giants
  19 vault wardens
  Aizul (Depths:1)
  3 ghost moths
  4 iron dragons
  3 balrugs
  Louise (Depths:4)
  3 draconian scorchers
  3 draconian knights
  A deep elf sorcerer (Vaults:5)
  4 ghouls
  A cacodemon (Abyss:3)
  A curse skull (Crypt:2)
  3 draconian stormcallers
  2 deep elf elementalists (Depths:4)
  5 spriggan defenders
  2 reapers (WizLab)
  A juggernaut zombie (Depths:2)
  17 ironheart preservers
  4 draconian shifters
  8 very ugly things
  6 draconian annihilators
  An entropy weaver (Vaults:2)
  20 stone giants
  4 war gargoyles (Vaults:5)
  4 black draconians
  4 vampire knights
  8 red draconians
  5 deep elf demonologists
  5 purple draconians
  17 green draconians
  Nessos (D:13)
  2 deep elf annihilators
  13 yellow draconians
  14 white draconians
  A spark wasp (Depths:3)
  3 eidola
  4 deep elf death magi
  A blizzard demon (WizLab)
  A merfolk javelineer (Depths:3)
  12 yaktaur captains
  Josephine (Orc:1)
  5 great orbs of eyes
  19 ettins
  Erolcha (D:10)
  11 jiangshi
  7 fire dragons
  20 hydras
  Harold (D:12)
  A deep elf high priest (Depths:5)
  4 ice dragons
  2 hell beasts
  26 vault guards
  21 anacondas
  3 rakshasas
  A quicksilver dragon skeleton (Crypt:2)
  A catoblepas (Lair:6)
  5 spriggan air magi (Depths:3)
  40 two-headed ogres
  11 centaur warriors
  7 dancing weapons
  18 naga warriors
  An anaconda (shapeshifter) (Vaults:1)
  4 death knights
  17 alligators
  6 deep troll shamans
  3 tengu warriors
  8 death yaks
  15 ogre magi
  5 vampire magi
  A spriggan berserker (Depths:3)
  6 deep troll earth magi
  A thrashing horror (Abyss:3)
  19 naga sharpshooters
  A storm dragon zombie (Crypt:2)
  4 orc high priests
  8 shock serpents
  8 soul eaters
  7 deep elf knights
  2 sun demons (WizLab)
  19 hell knights
  Sonja (Orc:2)
  6 salamander mystics
  2 iron trolls (Depths:4)
  2 fire crabs
  A torturous demonspawn (Depths:5)
  4 shadow wraiths
  3 spectral anacondas (Depths:2)
  2 ghost moth zombies (Crypt:1)
  25 skeletal warriors
  4 wretched stars (Abyss:3)
  2 storm dragon skeletons
  13 swamp dragons
  A spectral hydra (Depths:2)
  6 glowing orange brains
  A swamp dragon (shapeshifter) (Abyss:3)
  A quicksilver dragon simulacrum (Crypt:2)
  3 death drakes (Depths:2)
  3 wizards
  4 unseen horrors
  2 spriggan druids
  2 death drakes (shapeshifter)
  18 orc knights
  A tengu zombie (Depths:2)
  17 deep trolls
  9 naga ritualists
  9 deep elf archers
  21 ironbrand convokers
  2 orange crystal statues (Depths:2)
  8 flayed ghosts
  4 lindwurms
  7 harpies
  18 necromancers
  15 mana vipers
  7 phantasmal warriors
  44 ugly things
  12 deep elf magi
  A wolf spider (shapeshifter) (Vaults:3)
  A shadow dragon skeleton (Depths:2)
  5 shambling mangroves
  4 orc sorcerers
  4 oklob plants
  A stone giant zombie (Depths:2)
  6 wolf spiders
  A sphinx skeleton (Crypt:2)
  26 salamanders
  12 cyclopes
  4 manticores
  35 black mambas
  Maurice (D:12)
  11 moths of wrath
  A shock serpent zombie (Crypt:1)
  An elephant (shapeshifter) (Vaults:2)
  5 elephants
  17 vault sentinels
  22 guardian serpents
  2 apocalypse crabs (Abyss:3)
  2 rust devils
  2 molten gargoyles (Volcano)
  23 naga magi
  A dire elephant zombie (Crypt:1)
  3 orange demons
  A torpor snail (Lair:6)
  The ghost of daryashkoh the Spear-Bearer, a novice MfSk (D:5)
  5 spectral swamp worms (Depths:3)
  2 yaktaurs (shapeshifter)
  A spiny frog (shapeshifter) (Depths:2)
  3 smoke demons
  14 spiny frogs
  A hellion (Depths:3)
  62 yaktaurs
  9 komodo dragons
  2 efreet
  4 spectral merfolk (Depths:2)
  2 kobold demonologists (D:15)
  5 freezing wraiths
  2 catoblepas skeletons
  A tormentor (WizLab)
  4 rime drakes (Lair:6)
  A komodo dragon (shapeshifter) (Vaults:3)
  4 ice devils
  7 ancient zymes (Abyss:3)
  An anaconda simulacrum (Depths:2)
  A troll (shapeshifter) (Vaults:4)
  3 guardian mummies (Crypt:1)
  A merfolk (D:14)
  A polar bear (Lair:2)
  A meliai (shapeshifter) (Vaults:1)
  6 red devils
  10 tyrant leeches
  A meliai (D:12)
  4 tengu conjurers
  6 trolls
  18 hornets
  A raiju (shapeshifter) (D:15)
  9 blink frogs
  A fire giant simulacrum (Abyss:3)
  A wind drake (shapeshifter) (Vaults:2)
  44 slime creatures
  A slime creature (shapeshifter) (Vaults:5)
  An iron dragon simulacrum (Crypt:1)
  Grinder (D:4)
  A hippogriff (shapeshifter) (Vaults:5)
  A hornet (shapeshifter) (Depths:2)
  A hydra skeleton (Crypt:1)
  6 raiju
  11 dream sheep
  8 bog bodies
  A fire dragon zombie (D:15)
  An ice dragon zombie (Crypt:1)
  3 human simulacra
  A blink frog (shapeshifter) (Depths:3)
  A dream sheep (shapeshifter) (Vaults:4)
  12 hippogriffs
  5 large abominations (Abyss:3)
  A redback (shapeshifter) (Depths:1)
  A black mamba zombie (Crypt:1)
  3 deep troll skeletons (D:15)
  5 flying skulls (Crypt:1)
  Sigmund (D:4)
  An ettin skeleton (Depths:2)
  A fire dragon skeleton (Crypt:1)
  15 wraiths
  4 ynoxinuls
  12 spriggans
  2 guardian serpent skeletons
  10 shadows
  5 vampires (Depths:2)
  A human (shapeshifter) (Vaults:2)
  33 yaks
  3 wyverns
  A fire elemental (Abyss:3)
  A yak (shapeshifter) (Depths:5)
  17 water elementals
  A hog (shapeshifter) (Vaults:5)
  2 neqoxecs (Abyss:3)
  5 fire bats (Volcano)
  5 hungry ghosts
  3 steam dragons
  21 vampire mosquitoes
  7 basilisks
  Grum (D:9)
  20 swamp worms
  3 insubstantial wisps (Swamp:4)
  66 nagas
  6 small abominations (Abyss:3)
  10 wargs
  7 acid dragons
  2 floating eyes
  2 soldier ants
  Duvessa (D:4)
  11 water moccasins
  A spectral troll (Depths:2)
  45 orc warriors
  9 hell hounds
  2 floating eyes (shapeshifter)
  10 porcupines
  A spectral spriggan (Depths:2)
  A swamp dragon zombie (Crypt:2)
  A water nymph skeleton (Crypt:2)
  4 ice beasts
  A black bear (Depths:1)
  2 elephant zombies (Lair:3)
  12 swamp drakes
  An ettin simulacrum (Vaults:3)
  2 sky beasts
  2 necrophages
  An eye of draining (shapeshifter) (D:15)
  25 starcursed masses (Abyss:3)
  A snapping turtle zombie (Depths:2)
  19 centaurs
  7 boggarts
  2 phantoms
  2 wolves (shapeshifter)
  14 wolves
  36 ogres
  A dream sheep skeleton (Crypt:2)
  18 crocodiles
  An elf zombie (Ossuary)
  5 big kobolds
  21 bullfrogs
  An elf skeleton (Crypt:2)
  A gnoll sergeant (D:8)
  Dowan (D:4)
  A water moccasin zombie (Crypt:1)
  An elf simulacrum (Vaults:1)
  3 glowing shapeshifter simulacra (Vaults:4)
  4 scorpions
  2 spectral nagas (Depths:2)
  10 killer bees
  2 spectral ogres (Depths:2)
  15 wights
  3 electric eels
  2 howler monkeys (D:9)
  A wolf zombie (Crypt:2)
  2 spectral centaurs (Depths:2)
  6 centaur zombies
  9 crimson imps
  A quasit (D:13)
  11 lava snakes
  8 hounds
  20 orc priests
  2 jellies (D:9)
  2 basilisk zombies (Lair:3)
  2 bullfrog skeletons
  An iron imp (Abyss:3)
  7 centaur skeletons
  3 human zombies
  A human skeleton (Crypt:1)
  3 iguanas
  7 worker ants
  Natasha (D:2)
  26 orc wizards
  5 hell rats
  A spriggan simulacrum (Depths:2)
  A centaur simulacrum (Depths:2)
  3 big kobold zombies (Ossuary)
  A crocodile zombie (Lair:3)
  A hound skeleton (D:4)
  2 hound zombies (D:7)
  6 mummies
  A worker ant zombie (D:7)
  4 gnolls (D:8)
  A river rat (D:11)
  9 adders
  2 shadow imps
  2 ufetubi (Abyss:3)
  An adder zombie (D:3)
  3 worms
  2 dart slugs (D:2)
  5 leopard geckos
  96 orcs
  2 giant cockroaches (D:2)
  7 goblins
  2 hobgoblins (D:2)
  13 jackals
  7 quokkas
  A river rat zombie (Crypt:1)
  3 ball pythons
  7 bats
  A dart slug zombie (Crypt:2)
  5 frilled lizards
  2 gnoll skeletons (Crypt:1)
  A gnoll zombie (Ossuary)
  5 goblin zombies (Ossuary)
  A hobgoblin zombie (Ossuary)
  22 kobolds
  A kobold zombie (Crypt:1)
  A leopard gecko skeleton (D:8)
  2 orc zombies (Ossuary)
  A quokka skeleton (D:8)
  4 rats
  5 briar patches (Swamp:2)
  3 crawling corpses (Vaults:5)
  2 fungi
  2 starspawn tentacles (Abyss:3)
2438 creatures vanquished.

Vanquished Creatures (collateral kills)
  A tentacled monstrosity (Vaults:5)
  A draconian annihilator (Zot:2)
  2 stone giants (Vaults:5)
  A green draconian (Depths:5)
  A vault guard (Vaults:5)
  A hydra (Swamp:4)
  An ice dragon (Depths:5)
  2 death yaks (Lair:6)
  A deep troll earth mage (Depths:5)
  A spriggan berserker (Depths:5)
  4 deep trolls
  A deep troll (shapeshifter) (Depths:5)
  2 ironbrand convokers
  2 swamp dragons (Swamp:4)
  An orc knight (Vaults:2)
  A frost giant zombie (Vaults:5)
  A manticore (Lair:6)
  A guardian serpent (Snake:3)
  A black mamba (Snake:1)
  A vault sentinel (Vaults:2)
  A naga mage (Snake:3)
  A yaktaur skeleton (Vaults:5)
  2 nagas
  An orc warrior (Orc:2)
  An electric eel (Lair:3)
  2 orc wizards (Orc:2)
  8 orcs (Orc:2)
43 creatures vanquished.

Vanquished Creatures (others)
  A black draconian (Zot:3)
  A naga sharpshooter (Snake:3)
  A salamander mystic (Snake:4)
  2 spriggan druids (Swamp:2)
  A mana viper (Snake:4)
  A cyclops (D:12)
  A moth of wrath (Zot:5)
  A kobold demonologist (WizLab)
  A tyrant leech (Swamp:4)
  A troll (Vaults:3)
  A water elemental (Depths:3)
  A swamp worm (Swamp:2)
  8 ogres
  A human zombie (Crypt:1)
  2 orcs (D:12)
  A kobold (D:14)
  14 fungi
  A lurking horror (Abyss:3)
  15 plants
  8 starspawn tentacles
63 creatures vanquished.

Grand Total: 2544 creatures vanquished

Notes
Turn   | Place    | Note
-------+----------+-------------------------------------------
     0 | D:1      | CanOfBees the Gargoyle Fighter began the quest for the Orb.
     0 | D:1      | Reached XP level 1. HP: 14/14 MP: 1/1
   175 | D:1      | Reached XP level 2. HP: 16/19 MP: 2/2
   424 | D:1      | Reached skill level 1 in Dodging
   773 | D:2      | Noticed Natasha
   868 | D:2      | Reached XP level 3. HP: 15/23 MP: 3/3
  1107 | D:2      | Killed Natasha
  1135 | D:2      | Reached XP level 4. HP: 29/29 MP: 4/4
  1184 | D:2      | Found a bloodstained altar of Trog.
  1527 | D:2      | Found a faded altar of an unknown god.
  1628 | D:2      | Gained mutation: You occasionally shout uncontrollably at your foes. [potion of mutation]
  1628 | D:2      | Gained mutation: Your natural rate of healing is unusually fast. [potion of mutation]
  1628 | D:2      | Gained mutation: You are partially covered in thin metallic scales. (AC +2) [potion of mutation]
  1628 | D:2      | Gained mutation: You are agile. (Dex +2) [potion of mutation]
  1680 | D:3      | Reached XP level 5. HP: 33/33 MP: 5/5
  2048 | D:3      | Found an ornate altar of the Wu Jian Council.
  2230 | D:3      | Found a shattered altar of Ashenzari.
  2537 | D:4      | Noticed Sigmund
  2552 | D:4      | Killed Sigmund
  2552 | D:4      | Reached skill level 5 in Fighting
  2552 | D:4      | Reached XP level 6. HP: 18/40 MP: 6/6
  2697 | D:4      | Found an iron altar of Okawaru.
  2749 | D:4      | Noticed Duvessa
  2750 | D:4      | Noticed Dowan
  2761 | D:4      | Found a sand-covered staircase.
  2772 | D:4      | Killed Duvessa
  2772 | D:4      | Reached XP level 7. HP: 41/44 MP: 7/7
  2781 | D:4      | Killed Dowan
  2802 | Ossuary  | Entered an ossuary
  3001 | D:4      | Noticed Grinder
  3002 | D:4      | Found a snail-covered altar of Cheibriados.
  3005 | D:4      | Paralysed by Grinder for 4 turns
  3022 | D:4      | Killed Grinder
  3022 | D:4      | Reached skill level 5 in Dodging
  3022 | D:4      | Reached XP level 8. HP: 36/51 MP: 8/8
  3138 | D:4      | Found a sparkling altar of Nemelex Xobeh.
  3376 | D:5      | Entered Level 5 of the Dungeon
  3386 | D:5      | Got a bloodstained helmet
  3392 | D:5      | Identified the +0 helmet "Fudghaon" {-Cast +Fly rCorr Int+4} (You found it on level 5 of the Dungeon)
  3916 | D:5      | Noticed daryashkoh's ghost (novice MfSk)
  3945 | D:5      | Killed daryashkoh's ghost
  3945 | D:5      | Reached skill level 5 in Maces & Flails
  4122 | D:5      | Found an ancient bone altar of Kikubaaqudgha.
  4133 | D:5      | You fall through a shaft!
  4137 | D:6      | Found Jiag's General Store.
  4142 | D:6      | Bought a scroll of teleportation for 39 gold pieces
  4142 | D:6      | Bought a scroll of enchant armour for 97 gold pieces
  4142 | D:6      | Bought a potion of lignification for 39 gold pieces
  4582 | D:6      | Identified the Collected Works on Creative Ice
  4958 | D:6      | Reached skill level 5 in Armour
  5021 | D:6      | Reached XP level 9. HP: 53/57 MP: 9/9
  5764 | D:7      | Found a staircase to the Ecumenical Temple.
  5780 | Temple   | Entered the Ecumenical Temple
  5792 | Temple   | Became a worshipper of Qazlal Stormbringer
  5951 | D:7      | Reached skill level 1 in Invocations
  6225 | D:7      | Noticed a troll
  6226 | D:7      | Noticed a seven-headed hydra
  6226 | D:7      | Noticed a fire crab
  6232 | D:7      | Killed a fire crab
  6232 | D:7      | Reached XP level 10. HP: 65/65 MP: 11/13
  6463 | D:7      | Found a sacrificial altar of Ru.
  6485 | D:7      | Reached skill level 5 in Invocations
  6772 | D:7      | Reached * piety under Qazlal
  6774 | D:7      | Got a crude wooden ring
  6873 | D:7      | Identified the ring of Attitude {Ice *Corrode Int-3 Dex+8 Stlth+} (You took it off a crimson imp on level 7 of the Dungeon)
  7006 | D:7      | Killed a seven-headed hydra
  7056 | D:7      | Got a glittering steel ring
  7071 | D:7      | Got a clouded graven amulet
  7072 | D:7      | Identified the amulet "Hareimpo" {Gourm MR+ MP+9 Dex+3 Slay+3} (You found it on level 7 of the Dungeon)
  7075 | D:7      | Got a scorched glass ring
  7282 | D:8      | Found a hazy altar of Hepliaklqana.
  7376 | D:8      | Found a shadowy altar of Dithmenos.
  7434 | D:8      | Noticed a two-headed ogre
  7446 | D:8      | Killed a two-headed ogre
  7518 | D:8      | Noticed a two-headed ogre
  7526 | D:8      | Killed a two-headed ogre
  7526 | D:8      | Reached XP level 11. HP: 51/72 MP: 16/16
  7529 | D:8      | Found a glowing golden altar of the Shining One.
  7776 | D:8      | Identified the cursed ring "Huffuc Giur" {EV-2 Str+4} (You took it off a wight on level 7 of the Dungeon)
  7807 | D:8      | Noticed a two-headed ogre
  7813 | D:8      | Killed a two-headed ogre
  8125 | D:9      | Noticed Grum
  8125 | D:9      | Noticed a two-headed ogre
  8151 | D:9      | Killed a two-headed ogre
  8151 | D:9      | Reached skill level 10 in Fighting
  8166 | D:9      | Killed Grum
  8166 | D:9      | Reached ** piety under Qazlal
  8200 | D:9      | Found a glowing silver altar of Zin.
  8202 | D:9      | Found a basalt altar of Yredelemnul.
  8404 | D:9      | Noticed a two-headed ogre
  8405 | D:9      | Found Gatuacki's Armour Shop.
  8412 | D:9      | Killed a two-headed ogre
  8681 | D:9      | Found a radiant altar of Vehumet.
  8697 | D:9      | Identified the ring "Zyem" {rC++ Str-5 Int+4 Slay+2} (You found it on level 7 of the Dungeon)
  8876 | D:10     | Entered Level 10 of the Dungeon
  8913 | D:10     | Found a staircase to the Orcish Mines.
  9002 | D:10     | Noticed a cyclops
  9010 | D:10     | Killed a cyclops
  9094 | D:10     | Noticed Erolcha
  9106 | D:10     | Killed Erolcha
  9346 | D:10     | Noticed a two-headed ogre
  9353 | D:10     | Killed a two-headed ogre
  9672 | D:11     | Reached skill level 10 in Invocations
  9709 | D:11     | Found a snail-covered altar of Cheibriados.
  9716 | D:11     | Identified the +3 trident of Conscience {pierce, +Inv} (You found it on level 11 of the Dungeon)
  9822 | D:11     | Noticed an unseen horror
  9827 | D:11     | Killed an unseen horror
  9827 | D:11     | Reached XP level 12. HP: 71/79 MP: 19/19
  9972 | D:11     | Noticed a death yak
  9972 | D:11     | Noticed a death yak
  9975 | D:11     | Noticed a death yak
  9990 | D:11     | Killed a death yak
  9999 | D:11     | Killed a death yak
 10007 | D:11     | Killed a death yak
 10019 | D:11     | Found a staircase to the Lair.
 10058 | Lair:1   | Entered Level 1 of the Lair of Beasts
 10329 | D:6      | Bought a +2 plate armour of fire resistance for 520 gold pieces
 10664 | Lair:1   | Reached *** piety under Qazlal
 10708 | Lair:1   | Reached skill level 5 in Shields
 10952 | Lair:1   | Noticed an eight-headed hydra
 10960 | Lair:1   | Killed an eight-headed hydra
 10960 | Lair:1   | Reached skill level 10 in Maces & Flails
 11976 | Lair:2   | Found a staircase to the Snake Pit.
 12077 | Lair:2   | Found a staircase to the Swamp.
 12157 | Lair:2   | Reached **** piety under Qazlal
 12157 | Lair:2   | Reached XP level 13. HP: 85/85 MP: 22/22
 12779 | Lair:3   | Found a blossoming altar of Fedhas.
 13004 | Lair:3   | Found the +8 frozen axe "Frostbite" {freezing cloud, *Noise +Fly rC+}
 14687 | Lair:6   | Entered Level 6 of the Lair of Beasts
 14868 | Lair:6   | Reached skill level 1 in Evocations
 15007 | Lair:6   | Gained mutation: Your large and strong wings let you fly indefinitely. [Gargoyle growth]
 15007 | Lair:6   | Reached XP level 14. HP: 92/92 MP: 23/23
 15216 | Lair:6   | Found a staircase to the Slime Pits.
 15678 | Lair:6   | Reached skill level 10 in Shields
 16169 | D:11     | Identified a scroll of acquirement
 16190 | D:12     | Noticed Harold
 16195 | D:12     | Noticed Maurice
 16224 | D:12     | Killed Maurice
 16228 | D:12     | Killed Harold
 16426 | D:12     | Got a crystal demon whip
 16428 | D:12     | Identified the +9 demon whip of Xezein {vamp, Int+4} (You acquired it on level 12 of the Dungeon)
 16652 | D:12     | Noticed a storm dragon
 16675 | D:12     | Killed a storm dragon
 16708 | D:12     | Reached skill level 5 in Evocations
 17253 | D:13     | Noticed Nessos
 17267 | D:13     | Killed Nessos
 17300 | D:13     | Reached ***** piety under Qazlal
 17666 | D:13     | Reached XP level 15. HP: 97/99 MP: 25/25
 18037 | D:14     | Found a gate to the Vaults.
 19201 | D:15     | Entered Level 15 of the Dungeon
 19215 | D:15     | Reached skill level 10 in Armour
 19491 | D:15     | Found a staircase to the Depths.
 19504 | D:15     | Reached ****** piety under Qazlal
 20043 | Orc:1    | Entered Level 1 of the Orcish Mines
 20101 | Orc:2    | Entered Level 2 of the Orcish Mines
 20104 | Orc:2    | Noticed Sonja
 20118 | Orc:2    | Killed Sonja
 20140 | Orc:2    | Noticed Saint Roka
 20173 | Orc:2    | Killed Saint Roka
 20298 | Orc:2    | Found a dark tunnel.
 20306 | Volcano  | Entered a volcano
 20471 | Volcano  | Found a bloodstained altar of Trog.
 20485 | Volcano  | Reached XP level 16. HP: 89/107 MP: 27/27
 20815 | Orc:2    | Found a staircase to the Elven Halls.
 20868 | Orc:2    | Reached skill level 15 in Invocations
 20868 | Orc:2    | Paralysed by an orc sorcerer for 6 turns
 20907 | Orc:2    | Found Xiocigav's Antique Armour Boutique.
 20907 | Orc:2    | Found Ecoetaz's Assorted Antiques.
 20909 | Orc:2    | Found Senipratui's Assorted Antiques.
 20909 | Orc:2    | Found Ryxul's Book Shoppe.
 20920 | Orc:2    | Bought a scroll of enchant armour for 195 gold pieces
 20930 | Orc:2    | Bought a pair of ancient boots for 380 gold pieces
 20930 | Orc:2    | Bought a jewelled cloak for 380 gold pieces
 20960 | Orc:2    | Identified the +4 pair of boots of Past Mistakes {rCorr Int+5 Dex-5} (You bought it in a shop on level 2 of the Orcish Mines)
 20965 | Orc:2    | Identified the +0 cloak of the Inquisitive Gods {*Corrode Str+6 Dex+3} (You bought it in a shop on level 2 of the Orcish Mines)
 21352 | Orc:1    | Noticed Josephine
 21382 | Orc:1    | Killed Josephine
 21942 | Swamp:1  | Entered Level 1 of the Swamp
 21988 | Swamp:1  | Reached skill level 15 in Fighting
 22963 | Swamp:2  | Noticed Nikola
 22985 | Swamp:2  | Killed Nikola
 23119 | Swamp:2  | Reached XP level 17. HP: 114/114 MP: 29/29
 24242 | Swamp:3  | Got a pair of heavily runed boots
 24248 | Swamp:3  | Identified the cursed +0 pair of boots of Duivufos {*Drain +Fly rElec Int+9} (You found it on level 3 of the Swamp)
 25109 | Swamp:4  | Entered Level 4 of the Swamp
 25359 | Swamp:4  | Noticed the 27-headed Lernaean hydra
 25370 | Swamp:4  | Killed the 27-headed Lernaean hydra
 25423 | Swamp:4  | Reached skill level 10 in Evocations
 25428 | Swamp:4  | Noticed Donald
 25444 | Swamp:4  | Killed Donald
 25458 | Swamp:4  | Got a distressingly furry shield
 25484 | Swamp:4  | Identified the +3 shield of Past Mistakes {rF+ Regen+ Dex+4} (You took it off Donald on level 4 of the Swamp)
 25639 | Swamp:4  | Got a decaying rune of Zot
 26108 | Snake:1  | Entered Level 1 of the Snake Pit
 26406 | Snake:1  | Reached XP level 18. HP: 123/123 MP: 30/30
 28137 | Snake:2  | Found Vewag's Jewellery Boutique.
 28137 | Snake:2  | Found Foeti's Gadget Emporium.
 28138 | Snake:2  | Found Zipuushua's Jewellery Boutique.
 28402 | Snake:3  | Noticed Agnes
 28431 | Snake:3  | Noticed Vashnia
 28586 | Snake:3  | Killed Agnes
 28663 | Snake:3  | Killed Vashnia
 28871 | Snake:3  | Reached XP level 19. HP: 126/131 MP: 32/32
 29361 | Snake:4  | Entered Level 4 of the Snake Pit
 30321 | Snake:4  | Got a serpentine rune of Zot
 30638 | Vaults:1 | Entered Level 1 of the Vaults
 30671 | Vaults:1 | Reached XP level 20. HP: 122/139 MP: 34/34
 30791 | Vaults:1 | Found a magical portal.
 30822 | WizLab   | Entered The Hall of the Hellbinder
 31289 | WizLab   | Noticed Ilowyuf
 31296 | WizLab   | Found a burning altar of Makhleb.
 31309 | WizLab   | Killed Ilowyuf the Hellbinder
 31330 | WizLab   | Identified Dispater's Compendium of Creation
 31356 | WizLab   | Found the +6 Majin-Bo {vamp, Archmagi MP+6 Int+6}
 31362 | WizLab   | Identified the Disquisition on Companions
 33146 | Vaults:2 | Reached XP level 21. HP: 147/147 MP: 35/35
 33728 | Vaults:2 | Identified the Grimoire of the Doomed Traveller
 33823 | Vaults:2 | Noticed Mara
 33830 | Vaults:2 | Noticed CanOfBees's illusion
 33838 | Vaults:2 | Killed Mara
 34135 | Vaults:2 | Identified the ring of Nuybloq {rPois rC+ Stlth+} (You found it on level 2 of the Vaults)
 34217 | Vaults:2 | Found a staircase to the Crypt.
 35874 | Vaults:3 | Reached skill level 15 in Armour
 36516 | Vaults:4 | Reached XP level 22. HP: 156/156 MP: 37/37
 37519 | Vaults:4 | Found Enanim's Antique Weapon Shop.
 37821 | Vaults:4 | Got a faintly glowing glass ring
 37822 | Vaults:4 | Identified the ring of Brilliance {+Blink +Fly rF- Int+4 Dex+3} (You found it on level 4 of the Vaults)
 38626 | Depths:1 | Entered Level 1 of the Depths
 38706 | Depths:1 | Noticed Aizul
 38869 | Depths:1 | Killed Aizul
 39303 | Depths:1 | Found a gateway to a ziggurat.
 39446 | Depths:1 | Found a gateway to Hell.
 39808 | Depths:2 | Reached XP level 23. HP: 147/163 MP: 38/38
 40053 | Depths:2 | Noticed an ancient lich
 40079 | Depths:2 | Killed an ancient lich
 40151 | Depths:2 | Paralysed by a floating eye for 3 turns
 40159 | Depths:2 | Paralysed by a floating eye for 3 turns
 40401 | Depths:2 | Identified the Guide on Clay and Sinister Secrets
 40533 | Depths:2 | Found a one-way gate to the infinite horrors of the Abyss.
 41041 | Depths:2 | Reached XP level 24. HP: 170/170 MP: 38/38
 41128 | Depths:3 | Noticed the Enchantress
 41161 | Depths:3 | Noticed a caustic shrike
 41176 | Depths:3 | Killed a caustic shrike
 41416 | Depths:3 | Reached skill level 15 in Shields
 41455 | Depths:3 | Killed the Enchantress
 41535 | Depths:3 | Found a one-way gate leading to the halls of Pandemonium.
 42301 | Depths:4 | Noticed a juggernaut
 42314 | Depths:4 | Killed a juggernaut
 42319 | Depths:4 | Reached XP level 25. HP: 176/176 MP: 38/38
 42557 | Depths:4 | Noticed Louise
 42585 | Depths:4 | Killed Louise
 42966 | Depths:4 | Paralysed by a floating eye for 3 turns
 43275 | Depths:5 | Entered Level 5 of the Depths
 43364 | Depths:5 | Noticed a juggernaut
 43374 | Depths:5 | Paralysed by a floating eye for 3 turns
 43509 | Depths:5 | Killed a juggernaut
 43691 | Depths:5 | Noticed Sojobo
 43711 | Depths:5 | Killed Sojobo
 43866 | Depths:5 | Found a gate to the Realm of Zot.
 44975 | Vaults:3 | Paralysed by a floating eye for 2 turns
 45122 | Vaults:5 | Entered Level 5 of the Vaults
 45125 | Vaults:5 | Noticed an ancient lich
 45137 | Vaults:5 | Reached XP level 26. HP: 178/187 MP: 39/39
 45154 | Vaults:5 | Noticed an ancient lich
 45157 | Vaults:5 | Killed an ancient lich
 45186 | Vaults:5 | Killed an ancient lich
 45224 | Vaults:4 | HP: 6/189 [titan/the air (34)]
 45979 | Vaults:5 | Reached XP level 27. HP: 196/196 MP: 39/39
 46263 | Vaults:5 | Found Vomugg's Antique Armour Shoppe.
 46305 | Vaults:5 | Got a silver rune of Zot
 46375 | Vaults:5 | Found Ohoxa's Jewellery Boutique.
 47059 | Crypt:1  | Entered Level 1 of the Crypt
 48172 | Crypt:2  | Identified the amulet of Yfext {Inacc +Blink Str+4} (You found it on level 2 of the Crypt)
 49330 | Zot:1    | Entered Level 1 of the Realm of Zot
 49539 | Zot:1    | Reached skill level 27 in Fighting
 51217 | Zot:2    | Cast into level 3 of the Abyss (red draconian)
 51217 | Abyss:3  | Found a corrupted altar of Lugonu.
 51498 | Abyss:3  | Paralysed by accursed screaming for 2 turns
 51588 | Abyss:3  | Noticed an ancient lich
 51592 | Abyss:3  | Killed an ancient lich
 51598 | Zot:2    | Escaped the Abyss
 52304 | Zot:3    | Reached skill level 27 in Invocations
 54798 | Zot:5    | Entered Level 5 of the Realm of Zot
 55110 | Zot:5    | Noticed an ancient lich
 55117 | Zot:5    | Killed an ancient lich
 55117 | Zot:5    | Reached skill level 15 in Maces & Flails
 55126 | Zot:5    | Identified the +12 flail "Veezum" {crush, Int+3} (You found it on level 5 of the Realm of Zot)
 55138 | Zot:5    | Noticed an ancient lich
 55147 | Zot:5    | Killed an ancient lich
 55166 | Zot:5    | Noticed an ancient lich
 55176 | Zot:5    | Killed an ancient lich
 55243 | Zot:5    | Noticed an orb of fire
 55271 | Zot:5    | Gained mutation: Scrolls take you a little longer to read. [an orb of fire]
 55274 | Zot:5    | Killed from afar by an orb of fire

Vault maps used:
D:1:      roderic_chinese_lattice_arrival, minivault_4, minmay_misc_feat_cross
D:2:      nicolae_overflow_crystal_walls, chequers_ecumenical_altar_simple,
          uniq_natasha
D:3:      lemuel_doored_altar, overflow_temple_1_default
D:4:      nemelex_xobeh_ov_fountains_minmay, okawaru_metal_pillars_1_2,
          old_standard_altar, enter_ossuary_5, uniq_duvessa, uniq_grinder,
          uniq_sigmund
D:5:      kennysheep_little_box, first_bread, minmay_misc_feat_ornament,
          st_stairs_6, minmay_tree_intersection, minmay_misc_feat_columns,
          corexii_hall_statues_u, corexii_mini_fake_secret_closet
D:6:      serial_shops, nicolae_shop_trees
D:7:      minmay_the_grid_triangle_9x9_rhombus_full, lemuel_round_altar,
          minmay_temple_entry_statues
D:8:      kennysheep_mini, lemuel_crystal_altar, kennysheep_mini_moat,
          roderic_roman_lattice, eino_curves_03
D:9:      minitemple, nicolae_overflow_hidden_temple, serial_shops,
          nicolae_shop_stone, uniq_grum
D:10:     orc_0_dummy, uniq_erolcha
D:11:     dpeg_lair_monsters, serial_shops, nicolae_shop_behind_doors,
          basic_altar
D:12:     minmay_outward_triangles, uniq_harold, uniq_maurice
D:13:     uniq_nessos
D:14:     erik_vaults_1, hangedman_decor_lopped, hangedman_fish_farm,
          minmay_bent
D:15:     gammafunk_depths_entry_grave, minmay_strange_pillars
Temple:   corrupted_temple
Lair:1:   infiniplex_staircase_pool_2
Lair:2:   minmay_swamp_entry_worms, guppyfry_snake_entry_garden, st_stairs_13
Lair:3:   pond_and_an_island_with_a_cottage, basic_altar,
          minmay_lair_oklob_bushes, lemuel_fruit_fields, serial_bayou_shore_a,
          infiniplex_staircase_pool
Lair:5:   nicolae_quartered_pool_little
Lair:6:   hangedman_lair_in_review, minmay_slime_entry_oklob_open,
          portal_ice_cave_rime, serial_bayou_lake_a, lemuel_fruit_tree
Swamp:1:  evilmike_swamp_ruin_house_5
Swamp:2:  nicolae_swamp_fairy_circle, swamp_pool1, uniq_nikola
Swamp:3:  evilmike_swamp_ruin_house_4
Swamp:4:  swamp_old_school, uniq_donald
Snake:1:  st_stairs_11, grunt_megastairs_1
Snake:2:  minmay_shop_grove, grunt_megastairs_4, serial_bayou_shore_b
Snake:3:  nicolae_snake_lava_pool, uniq_vashnia, uniq_agnes
Snake:4:  grunt_snake_rune_serpentine_throne
Orc:1:    uniq_josephine
Orc:2:    grunt_orc_tribal_feast, nicolae_volcano_entry_vermiform,
          uniq_saint_roka, uniq_sonja
Vaults:1: nicolae_vaults_twisting_passages, ontoclasm_vaults_decontamination,
          ontoclasm_vaults_idyll, hangedman_vaults_impose, v_misc_14,
          nicolae_vaults_little_squares_6, vaults_standard_mumra_x, v_misc_17,
          v_misc_29, vaults_room_ringed_pool, nicolae_vaults_mini_display_case,
          lightli_enter_wizlab_magi_temple
Vaults:2: minmay_crypt_entry_simple_statues, ontoclasm_vaults_chip,
          hangedman_vaults_pinch, dpeg_vaults_monster_row,
          vaults_room_door_hall, st_eye, v_misc_9, v_misc_23, v_pattern_1,
          uniq_mara
Vaults:3: nicolae_vaults_little_squares_2, grunt_vaults_diagonal, v_misc_27,
          kb_rosetta, vaults_dpeg_cross, grunt_vaults_hallway_short, v_misc_4,
          nicolae_vaults_little_squares_1, nicolae_vaults_specimen_jars,
          vaults_room_stairs_pillars
Vaults:4: v_misc_32, vaults_room_fours, nicolae_vaults_little_squares_5,
          hangedman_vaults_maws, nicolae_vaults_stairing_the_circle,
          vaults_room_pool, nicolae_vaults_sealed_display,
          nicolae_vaults_gold_heap, hangedman_vaults_hat,
          nicolae_vaults_little_squares_3, v_misc_22, nicolae_vaults_rhombus_5,
          serial_shops, shop
Crypt:1:  grunt_crypt_arrival_guarded_gate
Depths:1: enter_ziggurat_a, pf_hell_entry_great_geh, minmay_misc_feat_doors,
          minmay_liquid_box, kilobyte_rumbling_trees, uniq_aizul
Depths:2: lemuel_river_lethe, hell_entry, abyss_entry
Depths:3: hangedman_arrow_trap, serial_bayou_lagoon_a, abyss_entry,
          pf_hell_entry_tar_river, rand_demon_pan_entry_3,
          infiniplex_staircase_split_hallway, firewood_loft, uniq_enchantress
Depths:4: evilmike_inaccessible_box, grunt_metal_band,
          nicolae_abyss_entry_one_way_or_another, serial_sigils_hangedman_scar,
          infiniplex_staircase_spiral, serial_bayou_shore_b
Depths:5: grunt_zot_entry_tricorne, hell_entry, rand_demon_pan_entry_7,
          serial_bayou_shore_b, uniq_sojobo
Zot:1:    st_small_dragon_hoard_1
Zot:3:    grunt_zot_stairs_faceoff, grunt_megastairs_2
Zot:4:    st_stairs_9
Abyss:3:  hangedman_grunt_abyss_rune_horror_hoard
Ossuary:  minmay_ossuary_gauntlet
Volcano:  volcano_grotto
WizLab:   wizlab_demon

Skill      XL: |  1  2  3  4  5  6  7  8  9 10 11 12 13 14 15 16 17 18 19 20 21 22 23 24 25 26 27 |
---------------+----------------------------------------------------------------------------------+-----
Dodging        | 1 2 3 4 5 8 |  8.1
Fighting       | 4 5 7 8 9 10 11 12 13 14 15 17 18 19 20 21 22 23 24 26 27 | 27.0
Maces & Flails | 3 4 6 7 8 9 10 11 12 15 | 15.7
Armour         | 5 7 8 9 10 11 13 14 15 | 15.5
Invocations    | 4 7 10 12 13 14 16 17 18 20 21 22 23 24 25 27 | 27.0
Shields        | 4 6 9 10 11 13 14 15 17 18 22 | 22.7
Evocations     | 1 5 7 9 10 | 10.6
Spellcasting   | 4 |  4.2

Action                   |  1- 3 |  4- 6 |  7- 9 | 10-12 | 13-15 | 16-18 | 19-21 | 22-24 | 25-27 || total
-------------------------+-------+-------+-------+-------+-------+-------+-------+-------+-------++-------
Melee: Flail             |    85 |   157 |    77 |       |       |       |       |       |       ||   319
       Morningstar       |       |       |   203 |   543 |   476 |       |       |       |       ||  1222
       Dagger            |       |       |     3 |       |       |       |       |       |       ||     3
       Demon whip        |       |       |       |       |   601 |  1501 |  1527 |  1398 |  1642 ||  6669
       Eveningstar       |       |       |       |       |       |       |     7 |       |   849 ||   856
Throw: Tomahawk          |       |       |     6 |    18 |       |       |       |       |       ||    24
Invok: Upheaval          |       |       |       |       |     8 |     3 |     2 |     4 |     4 ||    21
       Elemental Force   |       |       |       |       |     4 |     4 |     3 |       |     5 ||    16
       Disaster Area     |       |       |       |       |     1 |     2 |     2 |       |     4 ||     9
Evoke: Wand              |       |       |     3 |       |    16 |    17 |    20 |     4 |    21 ||    81
       Lamp of fire      |       |       |       |       |       |       |     1 |       |       ||     1
  Use: Scroll            |       |     7 |     7 |    14 |    25 |     4 |    13 |    14 |    18 ||   102
       Potion            |       |     2 |     3 |     2 |     5 |       |     1 |     5 |     9 ||    27
 Stab: Paralysed         |       |       |       |       |     4 |       |     3 |       |       ||     7
       Invisible         |       |       |       |       |     2 |       |       |       |       ||     2
       Distracted        |       |       |       |       |       |       |     1 |       |     1 ||     2
  Eat: Chunk             |     1 |     5 |     8 |    42 |    46 |    28 |    37 |    19 |    98 ||   284
       Royal jelly       |       |       |     2 |       |       |       |     1 |       |     3 ||     6
       Fruit             |       |       |       |       |       |       |       |       |     5 ||     5
       Meat ration       |       |       |       |       |       |       |       |       |     2 ||     2
Armor: Scale mail        |    36 |    76 |    53 |       |       |       |       |       |       ||   165
       Chain mail        |       |       |   100 |       |       |       |       |       |       ||   100
       Plate armour      |       |       |     9 |   372 |   542 |   710 |   793 |   810 |   762 ||  3998
       Pearl dragon scal |       |       |       |       |       |       |       |       |   631 ||   631
Dodge: Dodged            |    31 |    65 |   135 |   155 |   292 |   332 |   368 |   375 |   725 ||  2478
       Deflected         |       |       |       |       |    15 |    51 |    44 |    23 |    38 ||   171
Block: Shield            |    58 |    96 |   182 |   479 |  1316 |  1906 |  2040 |  1765 |  2973 || 10815
